 Dungeon Crawl Stone Soup version 0.31-a0-210-gccc998df9b (webtiles) character file.

Game seed: 4359532059867088770

60 qw the Shooter (level 3, -1/29 HPs)
             Began as a Minotaur Hexslinger on June 29, 2023.
             Slain by a cerulean imp
             ... wielding a +1 spear
             ... summoned by Natasha
              (4 damage)
             ... on level 3 of the Dungeon.
             The game lasted 00:00:39 (2027 turns).

qw the Shooter (Minotaur Hexslinger)                Turns: 2027, Time: 00:00:39

Health: -1/29      AC:  5    Str: 12    XL:     3   Next: 82%
Magic:  3/3        EV: 12    Int: 10    God:
Gold:   99         SH:  0    Dex: 14    Spells: 3/4 levels left

rFire   . . .        h - +0 arbalest
rCold   . . .        (shield currently unavailable)
rNeg    . . .        d - +0 leather armour
rPois   .            (helmet restricted)
rElec   .            g - +0 cloak
rCorr   .            a - +0 pair of gloves
SInv    .            (no boots)
Will    .....        (no amulet)
Stlth   +            (no ring)
HPRegen 0.24/turn    (no ring)
MPRegen 0.08/turn

%: no passive effects
@: about to teleport
A: horns 2, retaliatory headbutt
a: no special abilities


You were on level 3 of the Dungeon.
You visited 1 branch of the dungeon, and saw 3 of its levels.

You collected 99 gold pieces.


Innate Abilities, Weirdness & Mutations

You have a pair of horns on your head.
You reflexively headbutt those who attack you in melee.


   Skills:
 - Level 2.0 Fighting
 + Level 4.4 Ranged Weapons
 - Level 2.1 Dodging
 - Level 1.0 Spellcasting
 - Level 2.0 Hexes


You had 3 spell levels left.
You knew the following spells:

 Your Spells              Type           Power      Damage    Failure   Level
a - Slow                  Hex            16%        N/A       19%         1

Your spell library contained the following spells:

 Spells                   Type           Power      Damage    Failure   Level
 Inner Flame              Hex/Fire       2%         N/A       65%         3
 Portal Projectile        Hex/Tloc       4%         N/A       65%         3
 Cause Fear               Hex            2%         N/A       88%         4

Inventory:

Hand Weapons
 h - a +0 arbalest (weapon)
Armour
 a - a +0 pair of gloves (worn)
 d - a +0 leather armour (worn)
 g - a +0 cloak (worn)
Scrolls
 c - 2 scrolls of teleportation
 j - a scroll of fog {unknown}
Potions
 b - a potion of mutation {unknown}
 e - a potion of curing {unknown}
 f - a potion of magic {unknown}
 i - a potion of degeneration {unknown}
 k - a potion of lignification {unknown}

Dungeon Overview and Level Annotations

Branches:
Dungeon (3/15)

Altars:
Dithmenos

Shops:
D:3 (

Annotations:
D:3 Natasha


Message History

You see here a +0 club.
j - a scroll labelled YTTUEN KUYSCH
Enter note: You hear the rusting of a drain very nearby.
k - a fuming blue potion
Enter note:
Enter note: Natasha, Servant of Life and Death comes into view.
Natasha hisses angrily.
Enter note:
Enter note: You shoot a bolt.
The bolt closely misses Natasha.
Natasha claws you.
A dart slug comes into view.
You shoot a bolt. The bolt hits Natasha.
Natasha is lightly wounded.
Natasha claws you.
Natasha mumbles some strange words.
You shoot a bolt. The bolt closely misses Natasha.
Natasha barely misses you.
The cerulean imp hits you from afar with a +1 spear.
You shoot a bolt. The bolt barely misses Natasha.
Natasha closely misses you. You furiously retaliate!
You headbutt Natasha!
The cerulean imp hits you from afar with a +1 spear.
Natasha casts a spell.
2025 ||| Stepping ~*~*~tactically~*~*~ (outnumbered).
Natasha attacks as you move away! Natasha completely misses you.
The cerulean imp hits you from afar with a +0 spear.
You shoot a bolt. The bolt barely misses Natasha.
The bolt closely misses the cerulean imp.
Natasha claws you!
The cerulean imp hits you from afar with a +1 spear.
The cerulean imp closely misses you. Natasha claws you but does no damage.
The cerulean imp hits you from afar with a +1 spear.
2027 ||| READING 3 scrolls of teleportation.
As you read the scroll of teleportation, it crumbles to dust.
You feel strangely unstable. The cerulean imp misses you. Natasha misses you.
The cerulean imp hits you from afar with a +1 spear.
You die...

#.# #.#
#.##############.#
#.............##.#
#.###########.##.#
#.# #.##.# #.#
#.##.# #.# #.##..
####.### #.....
#...@h5# ######
~.~~~~..#5#
~~~~~####.# #####
w# .# .# .. ##


You could see Natasha and 2 cerulean imps.

Vanquished Creatures
  An adder (D:3)
  A dart slug (D:1)
  5 ball pythons
  2 endoplasms
  A giant cockroach (D:2)
  4 goblins
  5 hobgoblins
  12 kobolds
  3 quokkas
  4 bats
  A frilled lizard (D:2)
  7 rats
46 creatures vanquished.

Notes
Turn   | Place    | Note
-------+----------+-------------------------------------------
     0 | D:1      | qw the Minotaur Hexslinger began the quest for the Orb.
     0 | D:1      | Reached XP level 1. HP: 16/16 MP: 1/1
     0 | D:1      | 0 ||| qw: Version: 0.3-a-24-ga2abf7b
     0 | D:1      | 0 ||| qw: Game counter: 6974
     0 | D:1      | 0 ||| qw: Melee chars always use a shield: true
     0 | D:1      | 0 ||| qw: God list: Okawaru
     0 | D:1      | 0 ||| qw: Allow faded altars: false
     0 | D:1      | 0 ||| qw: Do Orc after clearing Dungeon:15 true
     0 | D:1      | 0 ||| qw: Do second Lair branch before Depths: true
     0 | D:1      | 0 ||| qw: Lair rune preference: random
     0 | D:1      | 0 ||| qw: Goals: Normal
     0 | D:1      | 0 ||| PLANNING D:1-11
   250 | D:1      | Reached skill level 3 in Ranged Weapons
   263 | D:1      | Reached XP level 2. HP: 23/23 MP: 2/2
   944 | D:1      | 944 ||| UPGRADING to +0 leather armour.
   954 | D:1      | 954 ||| DROPPING +0 robe.
   955 | D:1      | 955 ||| UPGRADING to +0 cloak.
   960 | D:1      | 960 ||| READING scroll labelled IPOECWA JICHU.
   961 | D:1      | 961 ||| READING scroll labelled FUENEAREAC.
   964 | D:1      | 964 ||| DROPPING scroll of poison.
  1247 | D:2      | Reached XP level 3. HP: 29/29 MP: 3/3
  1255 | D:2      | Found a shadowy altar of Dithmenos.
  1365 | D:2      | 1365 ||| Stepping ~*~*~tactically~*~*~ (water).
  1437 | D:2      | 1437 ||| Stepping ~*~*~tactically~*~*~ (outnumbered).
  1458 | D:2      | 1458 ||| UPGRADING to +0 pair of gloves.
  1684 | D:2      | 1684 ||| DROPPING ring of wizardry.
  1716 | D:3      | 1716 ||| PLANNING SEWER
  1716 | D:3      | Found Wogaskiz's Weapon Shoppe.
  1736 | D:3      | Reached skill level 4 in Ranged Weapons
  1853 | D:3      | 1853 ||| SWAPPING to +0 arbalest.
  1857 | D:3      | 1857 ||| DROPPING +1 sling of freezing.
  2020 | D:3      | Noticed Natasha
  2025 | D:3      | 2025 ||| Stepping ~*~*~tactically~*~*~ (outnumbered).
  2026 | D:3      | HP: 3/29 [cerulean imp/+1 spear[Natasha] (5)]
  2027 | D:3      | 2027 ||| READING 3 scrolls of teleportation.
  2027 | D:3      | Slain by a cerulean imp

Levels and vault maps discovered:
D:1:      reono_arrival_mine, layout_loops_corners
D:2:      layout_rooms, basic_altar, grunt_decor_junction,
          mrwooster_statue_mirror, chequers_big_river, lexackson_kobold_supper
D:3:      layout_loops_ring, gup_sewer_entry_pipe, serial_shops, shop,
          uniq_natasha, uniq_terence

Skill      XL: |  1  2  3 |
---------------+----------+-----
Ranged Weapons | 3 4 |  4.4
Fighting       | 2 |  2.0
Dodging        | |  2.1
Spellcasting   | |  1.0
Hexes          | |  2.0

Action                     || total
---------------------------++-------
   Fire: Sling             ||    97
         Arbalest          ||    12
    Use: Scroll            ||     3
 Armour: Robe              ||     1
         Leather armour    ||     7
  Dodge: Dodged            ||    24

Table legend:
 A = Non-vault XP
 B = Vault XP
 C = Vault XP percentage of total XP
 D = Non-vault monster count
 E = Vault monster count
 F = Vault count percentage of total count
                 A         B        C        D         E       F
            +---------+---------+-------+---------+---------+-------
      Total |      74 |      13 |  14.9 |      38 |       8 |  17.4
            +---------+---------+-------+---------+---------+-------
        D:1 |      25 |       0 |   0.0 |      14 |       0 |   0.0
        D:2 |      21 |      13 |  38.2 |      13 |       8 |  38.1
        D:3 |      28 |       0 |   0.0 |      11 |       0 |   0.0
            +---------+---------+-------+---------+---------+-------
